 Dungeon Crawl Stone Soup version 0.20-a0-930-gbddf555 (webtiles) character file.

91 tcjsavannah the Chopper (level 4, -11/54 HPs)
             Began as a Barachi Berserker on Mar 29, 2017.
             Was a Believer of Trog.
             Killed from afar by Ijyb (17 damage)
             ... with a wand of lightning (?/15)
             ... on level 3 of the Dungeon.
             The game lasted 00:05:16 (2057 turns).

tcjsavannah the Chopper (Barachi Berserker)         Turns: 2057, Time: 00:05:17

Health: -11/54     AC:  7    Str: 28    XL:     4   Next: 57%
Magic:  4/4        EV: 11    Int:  7    God:    Trog [**....]
Gold:   79         SH:  0    Dex: 11    Spells: 3/3 levels left

rFire    x . .     SeeInvis .   a - +0 hand axe
rCold    + . .     Gourm    .   (no shield)
rNeg     . . .     Faith    .   j - +2 ring mail {rPois}
rPois    +         Spirit   .   (no helmet)
rElec    .         Reflect  .   (no cloak)
rCorr    .         Harm     .   (no gloves)
MR       .....                  (no boots)
Stlth    ..........             t - amulet of inaccuracy (curse)
Regen    0.2/turn               l - +3 ring of strength
MPRegen  0.1/turn               u - ring of ice

@: berserking, drained, quick
A: +LOS, swims, slowness 1, strong legs 1
a: Hop, Berserk, Trog's Hand, Burn Spellbooks, Renounce Religion


You were on level 3 of the Dungeon.
You worshipped Trog.
Trog was pleased with you.
You were hungry.

You visited 1 branch of the dungeon, and saw 3 of its levels.

You collected 79 gold pieces.

Inventory:

Hand Weapons
 a - a +0 hand axe (weapon)
 b - a +0 hunting sling
 n - a +0 dagger
Missiles
 e - 17 sling bullets
 g - 111 stones
 o - 8 tomahawks (quivered)
Armour
 f - a +0 animal skin
 i - a +0 chain mail
 j - a +2 ring mail of poison resistance (worn)
Jewellery
 l - a +3 ring of strength (left hand)
 t - a cursed amulet of inaccuracy (around neck)
 u - a ring of ice (right hand)
Scrolls
 m - a scroll of teleportation
 p - 2 scrolls of identify
Potions
 q - a potion of curing {unknown}
 r - a potion of degeneration {unknown}
 s - 2 potions of heal wounds
 v - a potion of flight {unknown}
Comestibles
 c - 4 bread rations
 d - a royal jelly
 h - 3 chunks of flesh
 k - 2 meat rations


   Skills:
 - Level 3.6(2.5) Fighting
 + Level 5.7(4.6) Axes
 - Level 2.4(1.4) Armour
 - Level 2.1(1.2) Dodging


You had 3 spell levels left.
You didn't know any spells.

Dungeon Overview and Level Annotations

Branches:
Dungeon (3/15)

Altars:
Okawaru
Xom

Annotations:
D:3 Ijyb


Innate Abilities, Weirdness & Mutations

Shadows flee at your approach. (+LOS)
You can swim through water.
You cover ground slowly.
You can hop short distances.


Message History

You feel yourself moving faster!
You feel mighty!
You are feeling hungry.
Ijyb zaps a wand.
The bolt of lightning misses you.
You hit Ijyb but do no damage. Ijyb hits you but does no damage.
You barely miss Ijyb.
Ijyb zaps a wand.
The bolt of lightning hits you!
* * * LOW HITPOINT WARNING * * *
You barely miss Ijyb. You closely miss Ijyb.
Ijyb zaps a wand.
The bolt of lightning misses you.
You hit Ijyb.
Ijyb is lightly wounded.
Ijyb barely misses you.
You hit Ijyb.
Ijyb is moderately wounded.
You hit Ijyb.
Ijyb is moderately wounded.
Ijyb hits you but does no damage.
You closely miss Ijyb.
Ijyb is moderately wounded.
Ijyb zaps a wand.
The bolt of lightning hits you!
You die...

.####.............#
.# ############..# .#
#..# .# #..# .#
###.)######## .#
#............ .#
#########....########
..
..).................
##
##########.@.######
###g# #.# #.# #.# #.#
.# .# $.


You could see Ijyb.

Vanquished Creatures
  4 adders
  2 worms (D:2)
  2 leopard geckos
  An orc (D:3)
  2 giant cockroaches
  2 goblins
  6 hobgoblins
  4 jackals (D:2)
  9 kobolds
  5 bats
  5 frilled lizards
  5 rats
47 creatures vanquished.

Vanquished Creatures (others)
  A giant cockroach (D:1)
1 creature vanquished.

Grand Total: 48 creatures vanquished

Notes
Turn   | Place    | Note
-------+----------+-------------------------------------------
     0 | D:1      | tcjsavannah the Barachi Berserker began the quest for the Orb.
     0 | D:1      | Reached XP level 1. HP: 18/18 MP: 1/1
   350 | D:1      | Reached XP level 2. HP: 24/24 MP: 2/2
   380 | D:1      | Reached skill level 4 in Axes
  1095 | D:2      | Reached XP level 3. HP: 25/29 MP: 3/3
  1130 | D:2      | Reached ** piety under Trog
  1209 | D:2      | Found an iron altar of Okawaru.
  1210 | D:2      | Found a shimmering altar of Xom.
  1435 | D:2      | Reached skill level 5 in Axes
  1509 | D:2      | Reached XP level 4. HP: 31/36 MP: 4/4
  2038 | D:3      | Noticed Ijyb
  2057 | D:3      | Killed from afar by Ijyb

Vault maps used:
D:1:      elethiomel_arrival_maze, minmay_hexomino_f4
D:2:      gammafunk_temple_overflow_pools
D:3:      uniq_iyjb

Skill      XL: |  1  2  3 |
---------------+----------+-----
Axes           | 4 5 |  5.7
Fighting       | |  3.6
Armour         | |  2.4
Dodging        | |  2.1

Action                   |  1- 3 |  4- 6 || total
-------------------------+-------+-------++-------
Melee: Hand axe          |   117 |    57 ||   174
 Fire: Hunting sling     |    15 |       ||    15
Invok: Berserk           |     1 |     1 ||     2
  Use: Scroll            |       |     3 ||     3
  Eat: Chunk             |     4 |     2 ||     6
Armor: Animal skin       |    13 |       ||    13
       Ring mail         |    40 |    20 ||    60
Dodge: Dodged            |   106 |    33 ||   139
